[Event "Titled Tuesday Blitz January 03 Late 2023"]
[White "Lenderman, Aleksandr"]
[Black "Xiong, Jeffery"]
[WhiteFideId "2021285"]
[BlackFideId "2047640"]
[WhiteElo "2572"]
[BlackElo "2692"]
[Result "1-0"]
[Round "10"]
[TimeControl "180+2"]
[Date "2023.01.03"]
[WhiteClock "0:00:23"]
[BlackClock "0:01:40"]

1. d4 Nf6 2. c4 c5 3. e3 cxd4 4. exd4 g6 5. Nc3 d5 6. Qb3 Bg7 7. cxd5 O-O 8. Be2 Na6 9. Bf3 b5 10. Nge2 Rb8 11. O-O Rb6 12. Nf4 Bb7 13. h3 Nc7 14. Re1 Re8 15. Be3 b4 16. Na4 Rb5 17. Be2 Nfxd5 18. Bxb5 Nxb5 19. Nc5 Ba8 20. Nxd5 Qxd5 21. Qxd5 Bxd5 22. Nd3 a5 23. Nf4 Be4 24. Red1 a4 25. Rac1 b3 26. axb3 axb3 27. Rc5 Bc2 28. Rd2 Nd6 29. Rdxc2 bxc2 30. Rxc2 Nf5 31. Ne2 Rb8 32. g4 Nd6 33. Bf4 Kf8 34. Kg2 Ke8 35. Bxd6 exd6 36. Rd2 Rb4 37. Kf3 Kd7 38. Ke4 Bh6 39. f4 Rb8 40. g5 Bg7 41. Nc3 h6 42. h4 f5+ 43. gxf6 Bxf6 44. Rg2 Rb4 45. Rxg6 Bxd4 46. Nd5 1-0


[Site "https://www.chess.com"]

[Event "Titled Tuesday Blitz January 03 Late 2023"]
[White "Mosadeghpour, Masoud"]
[Black "Vachier-Lagrave, Maxime"]
[WhiteFideId "12519278"]
[BlackFideId "623539"]
[WhiteElo "2472"]
[BlackElo "2742"]
[Result "1-0"]
[Round "10"]
[TimeControl "180+2"]
[Date "2023.01.03"]
[WhiteClock "0:02:06"]
[BlackClock "0:00:56"]

1. e4 c5 2. d4 cxd4 3. c3 Nf6 4. e5 Nd5 5. Nf3 Nc6 6. Bc4 Nb6 7. Bb3 d5 8. exd6 Qxd6 9. O-O Be6 10. Na3 Bxb3 11. Qxb3 Qd7 12. Nb5 e6 13. Nbxd4 Nxd4 14. Nxd4 Qd5 15. Rd1 Qxb3 16. axb3 a6 17. Be3 Nd5 18. Bd2 Be7 19. c4 Nf6 20. b4 O-O 21. b5 axb5 22. Rxa8 Rxa8 23. Nxb5 Rd8 24. Nc3 Bb4 25. Be3 Rc8 26. Na2 Be7 27. b3 Kf8 28. Nc3 Ke8 29. Nb5 Ne4 30. Kf1 f6 31. Ke2 e5 32. Rd5 Nc5 33. Bxc5 Bxc5 34. Nd6+ Bxd6 35. Rxd6 Ke7 36. Rb6 Rb8 37. c5 Ra8 38. Rxb7+ Ke6 39. b4 Ra2+ 40. Kf1 Ra1+ 41. Ke2 Ra2+ 42. Ke3 Ra3+ 43. Kd2 Ra2+ 44. Kd3 Rxf2 45. c6 Rf1 46. b5 Rc1 47. Rxg7 f5 48. c7 e4+ 49. Kd2 1-0


[Site "https://www.chess.com"]

[Event "Titled Tuesday Blitz January 03 Late 2023"]
[White "Bluebaum, Matthias"]
[Black "Kuznetsov, Felix"]
[WhiteFideId "24651516"]
[BlackFideId "34147990"]
[WhiteElo "2669"]
[BlackElo "2254"]
[Result "1-0"]
[Round "10"]
[TimeControl "180+2"]
[Date "2023.01.03"]
[WhiteClock "0:00:44"]
[BlackClock "0:00:03"]

1. d4 Nf6 2. c4 e6 3. Nc3 Bb4 4. e3 O-O 5. Bd2 b6 6. Nf3 Bb7 7. Bd3 d6 8. O-O Bxc3 9. Bxc3 Ne4 10. Be1 Nd7 11. Kh1 f5 12. Ng1 Qe7 13. f3 Nef6 14. Qe2 Rae8 15. b4 g6 16. a4 e5 17. d5 e4 18. fxe4 fxe4 19. Bc2 Ne5 20. Nh3 Bc8 21. Ng5 Bg4 22. Qd2 Nxc4 23. Qd4 Be2 24. Rf4 Nh5 25. Bc3 Ne5 26. Ne6 Rf5 27. Qxe4 Nxf4 28. exf4 Ng4 29. Qxe2 Qh4 30. g3 Qh3 31. Bxf5 gxf5 32. Qg2 Qh5 33. Re1 Re7 34. h3 a6 35. Kg1 Nh6 36. Re3 b5 37. axb5 axb5 38. g4 fxg4 39. hxg4 Qh4 40. Rh3 1-0


[Site "https://www.chess.com"]

[Event "Titled Tuesday Blitz January 03 Late 2023"]
[White "Tang, Andrew"]
[Black "Naroditsky, Daniel"]
[WhiteFideId "2059630"]
[BlackFideId "2026961"]
[WhiteElo "2523"]
[BlackElo "2618"]
[Result "1-0"]
[Round "10"]
[TimeControl "180+2"]
[Date "2023.01.03"]
[WhiteClock "0:00:09"]
[BlackClock "0:00:47"]

1. d4 d6 2. c4 Nf6 3. Nc3 Bf5 4. g3 e5 5. Nf3 Nbd7 6. Bg2 c6 7. Nh4 Bg6 8. Nxg6 hxg6 9. O-O Be7 10. d5 Qc7 11. b3 O-O 12. Qd2 Rac8 13. Rd1 a6 14. dxc6 bxc6 15. Ba3 Nc5 16. Bxc5 dxc5 17. Qe3 Rfd8 18. Qf3 Qa5 19. Bh3 Rb8 20. Na4 Qc7 21. Qe3 Rd4 22. Qc1 Rbd8 23. Qc2 Qd6 24. Nc3 Qc7 25. e3 Rxd1+ 26. Rxd1 Qa5 27. Rxd8+ Bxd8 28. Bg2 Qc7 29. Bf3 Ne8 30. Qe4 Nd6 31. Qxc6 Qxc6 32. Bxc6 Ba5 33. Nd5 Bd2 34. Kf1 Kf8 35. Ke2 Bc1 36. Nb6 Ke7 37. Nd7 Nf5 38. Nxc5 a5 39. Nd3 Ba3 40. Be4 Nd6 41. f3 f6 42. Bxg6 Nb7 43. Be4 Nc5 44. Nf2 a4 45. Bc2 axb3 46. axb3 Kd6 47. Ne4+ Nxe4 48. Bxe4 Bb4 49. Bc2 Bc5 50. h4 Bb4 51. f4 Ke6 52. Kf3 Bc5 53. g4 Bb4 54. Be4 Bc5 55. Bd5+ Ke7 56. Ke4 exf4 57. exf4 Kd6 58. h5 Ke7 59. Kf5 Bd6 60. g5 fxg5 61. fxg5 Bb4 62. Kg6 Bc3 63. c5 Kd7 64. h6 gxh6 65. gxh6 Bd4 66. h7 Kc7 67. b4 1-0


[Site "https://www.chess.com"]

[Event "Titled Tuesday Blitz January 03 Late 2023"]
[White "Jacobson, Brandon"]
[Black "Deac, Bogdan-Daniel"]
[WhiteFideId "30901561"]
[BlackFideId "1226380"]
[WhiteElo "2556"]
[BlackElo "2700"]
[Result "0-1"]
[Round "10"]
[TimeControl "180+2"]
[Date "2023.01.03"]
[WhiteClock "0:00:02"]
[BlackClock "0:01:49"]

1. Nf3 c5 2. c4 b6 3. g3 Bb7 4. Bg2 g6 5. O-O Bg7 6. Nc3 Nf6 7. d4 cxd4 8. Qxd4 d6 9. Rd1 Nbd7 10. b3 Rc8 11. Bb2 a6 12. Bh3 O-O 13. Qd2 Rc7 14. Rac1 Qb8 15. Nd5 Nxd5 16. cxd5 Rxc1 17. Qxc1 Bxb2 18. Qxb2 Nf6 19. e4 Nxe4 20. Qd4 Nf6 21. Re1 Qd8 22. Ng5 Bxd5 23. Qh4 Kg7 24. Rd1 h6 0-1


[Site "https://www.chess.com"]

[Event "Titled Tuesday Blitz January 03 Late 2023"]
[White "Svane, Rasmus"]
[Black "Martinez Alcantara, Jose Eduardo"]
[WhiteFideId "4657101"]
[BlackFideId "3805662"]
[WhiteElo "2623"]
[BlackElo "2619"]
[Result "0-1"]
[Round "10"]
[TimeControl "180+2"]
[Date "2023.01.03"]
[WhiteClock "0:00:01"]
[BlackClock "0:00:04"]

1. Nf3 c5 2. c4 Nf6 3. Nc3 e6 4. g3 b6 5. Bg2 Bb7 6. O-O Be7 7. d4 cxd4 8. Qxd4 d6 9. Bg5 Nbd7 10. Nb5 d5 11. cxd5 Bxd5 12. Rac1 Bc5 13. Qf4 O-O 14. b4 Be7 15. Rfd1 Rc8 16. a3 a5 17. Bxf6 Nxf6 18. Nc3 axb4 19. axb4 Qe8 20. Ne5 Bxg2 21. Kxg2 h6 22. b5 Ba3 23. Rc2 Nd5 24. Qf3 Nxc3 25. Rxc3 Rxc3 26. Qxc3 Qxb5 27. Nd7 Ra8 28. Qf3 Ra7 29. Nb8 Be7 30. Nc6 Rc7 31. Nxe7+ Rxe7 32. Rd8+ Re8 33. Rd1 Rc8 34. h4 g6 35. e4 Qc6 36. Rd4 Kg7 37. Qf4 Qc5 38. e5 Qc6+ 39. Kh2 Kg8 40. Rd6 Qc5 41. Rd7 Rf8 42. h5 Kg7 43. Qf6+ Kg8 44. hxg6 Qc2 45. gxf7+ Kh7 46. Kg2 Qe4+ 47. Kh2 Qg6 48. Qe7 Kg7 49. Rd8 Rxf7 50. Qe8 Rxf2+ 51. Kh3 Qf5+ 52. g4 Qf3+ 53. Kh4 Rh2# 0-1


[Site "https://www.chess.com"]

[Event "Titled Tuesday Blitz January 03 Late 2023"]
[White "Ibarra Jerez, Jose Carlos"]
[Black "Jobava, Baadur"]
[WhiteFideId "2226332"]
[BlackFideId "13601520"]
[WhiteElo "2563"]
[BlackElo "2578"]
[Result "0-1"]
[Round "10"]
[TimeControl "180+2"]
[Date "2023.01.03"]
[WhiteClock "0:00:27"]
[BlackClock "0:01:28"]

1. e4 d6 2. d4 Nf6 3. Nc3 e5 4. Nf3 Nbd7 5. Bc4 Be7 6. a4 O-O 7. O-O a5 8. Re1 h6 9. Ba2 Re8 10. h3 c6 11. Be3 Bf8 12. Nd2 Nb6 13. f4 exf4 14. Bxf4 d5 15. e5 Nh7 16. Qf3 Be6 17. Bb1 Qh4 18. Ne2 Qxe1+ 19. Kh2 Qh4 20. c3 Ng5 21. Qd3 Ne4 22. Nxe4 dxe4 23. Qxe4 g6 24. Qf3 Nd5 25. Bd2 Rad8 26. Ng3 Be7 27. Be1 Qf4 28. Qe2 Bh4 29. c4 Ne3 30. Ra3 Nf1+ 31. Kg1 Nxg3 0-1


[Site "https://www.chess.com"]

[Event "Titled Tuesday Blitz January 03 Late 2023"]
[White "Baskakov, Egor"]
[Black "Keymer, Vincent"]
[WhiteFideId "24197866"]
[BlackFideId "12940690"]
[WhiteElo "2215"]
[BlackElo "2700"]
[Result "0-1"]
[Round "10"]
[TimeControl "180+2"]
[Date "2023.01.03"]
[WhiteClock "0:01:07"]
[BlackClock "0:01:25"]

1. e4 c6 2. d4 d5 3. e5 Bf5 4. Ne2 e6 5. Ng3 Bg6 6. h4 h5 7. Bd3 Bxd3 8. cxd3 Qb6 9. Ne2 Ne7 10. Nd2 Nf5 11. Nf3 Be7 12. g3 Nd7 13. O-O Rc8 14. Kg2 g6 15. Rb1 Qa6 16. a3 c5 17. dxc5 Nxc5 18. Nf4 O-O 19. b4 Na4 20. Nxh5 Nc3 21. Qb3 gxh5 22. Bg5 Qxd3 23. Rbe1 Qc4 24. Qc2 Bxg5 25. Nxg5 Ne4 26. Qd1 Nxg5 27. hxg5 Qg4 0-1


[Site "https://www.chess.com"]

[Event "Titled Tuesday Blitz January 03 Late 2023"]
[White "Shimanov, Aleksandr"]
[Black "Bryakin, Mikhail"]
[WhiteFideId "4198603"]
[BlackFideId "4165314"]
[WhiteElo "2581"]
[BlackElo "2455"]
[Result "1/2-1/2"]
[Round "10"]
[TimeControl "180+2"]
[Date "2023.01.03"]
[WhiteClock "0:00:19"]
[BlackClock "0:00:11"]

1. e4 d5 2. exd5 Qxd5 3. Nf3 Nc6 4. d4 Bg4 5. Be2 O-O-O 6. c4 Qh5 7. d5 e6 8. Nc3 exd5 9. cxd5 Nf6 10. Qa4 Nxd5 11. h3 Nxc3 12. bxc3 Bxf3 13. gxf3 Qe5 14. Qc4 Bb4 15. Bb2 Rhe8 16. f4 Qd4 17. O-O Qxc4 18. Bxc4 Bd6 19. Bxf7 Re2 20. Bc1 Rf8 21. Bh5 Re7 22. f5 Be5 23. Ba3 Bd6 24. Bc1 Be5 25. Rb1 b6 26. Rd1 Rd8 27. Rxd8+ Nxd8 28. Bg5 Bf6 29. Be3 Bxc3 30. Rc1 Bf6 31. Kg2 Nb7 32. Kf3 Nd6 33. Bg4 Kd8 34. Bf4 Be5 35. Bg5 Bf6 36. Bf4 Be5 37. Be3 c5 38. Rd1 Kc7 39. h4 Nc4 40. Bg5 Bf6 41. Bf4+ Be5 42. Bg5 Bf6 43. Bf4+ Be5 44. Bg5 1/2-1/2


[Site "https://www.chess.com"]

[Event "Titled Tuesday Blitz January 03 Late 2023"]
[White "Riehle, Marco"]
[Black "Carlsen, Magnus"]
[WhiteFideId "12904392"]
[BlackFideId "1503014"]
[WhiteElo "2368"]
[BlackElo "2853"]
[Result "0-1"]
[Round "10"]
[TimeControl "180+2"]
[Date "2023.01.03"]
[WhiteClock "0:01:17"]
[BlackClock "0:01:59"]

1. e4 g6 2. d4 Bg7 3. c4 e6 4. Nc3 Ne7 5. Nf3 d5 6. cxd5 exd5 7. e5 O-O 8. Bd3 c5 9. dxc5 Bg4 10. Bf4 Nbc6 11. Be2 Qa5 12. O-O Rad8 13. Nd4 Bxe2 14. Ncxe2 Qxc5 15. Rc1 Qb6 16. Nb3 Bxe5 17. Bxe5 Nxe5 18. Ned4 N7c6 19. Re1 Rfe8 20. h4 h5 21. Rc3 Ng4 22. Rxe8+ Rxe8 23. Rc2 Nxd4 0-1


[Site "https://www.chess.com"]

[Event "Titled Tuesday Blitz January 03 Late 2023"]
[White "Chigaev, Maksim"]
[Black "Tanenbaum, Zachary"]
[WhiteFideId "4108116"]
[BlackFideId "2060850"]
[WhiteElo "2628"]
[BlackElo "2261"]
[Result "1-0"]
[Round "10"]
[TimeControl "180+2"]
[Date "2023.01.03"]
[WhiteClock "0:01:50"]
[BlackClock "0:00:02"]

1. e4 e5 2. Bc4 Nf6 3. d3 c6 4. Nf3 d5 5. Bb3 Bb4+ 6. Bd2 Bxd2+ 7. Qxd2 a5 8. a4 O-O 9. exd5 cxd5 10. Nxe5 Re8 11. d4 Ne4 12. Qe3 Nc6 13. O-O Nxe5 14. dxe5 Rxe5 15. f3 d4 16. Qf4 Qf6 17. fxe4 Qxf4 18. Rxf4 Be6 19. Nd2 Rc8 20. Nf3 Rec5 21. Nxd4 Bxb3 22. cxb3 f6 23. Rd1 Kf7 24. h3 Rd8 25. Rff1 Rd7 26. Nf5 Rdc7 27. Nd6+ Ke7 28. Nc4 Ke6 29. Rd6+ Ke7 30. Rb6 Rd7 31. Re1 Rdc7 32. Kf2 Rd7 33. Re2 Rdc7 34. Rd2 h6 35. Ke3 h5 36. Rd5 R5c6 37. Rdb5 Rxb6 38. Rxb6 h4 39. Rb5 g5 40. Kd3 Ke6 41. Rb6+ Ke7 42. Nxa5 Rd7+ 43. Ke2 Rd8 44. Rxb7+ Ke6 45. Rb6+ Kf7 46. Nc6 Re8 47. Kd3 Kg7 48. Nd4 Kg6 49. a5 Ra8 50. b4 g4 51. hxg4 Kg5 52. Nf3+ Kg6 53. Nxh4+ Kg5 54. Nf3+ Kxg4 55. Rxf6 1-0


[Site "https://www.chess.com"]

[Event "Titled Tuesday Blitz January 03 Late 2023"]
[White "Aradhya, Garg"]
[Black "Oparin, Grigoriy"]
[WhiteFideId "25006746"]
[BlackFideId "24125890"]
[WhiteElo "2284"]
[BlackElo "2667"]
[Result "1-0"]
[Round "10"]
[TimeControl "180+2"]
[Date "2023.01.03"]
[WhiteClock "0:00:17"]
[BlackClock "0:00:07"]

1. d4 d6 2. e4 g6 3. Nf3 Bg7 4. Nc3 a6 5. Be3 b5 6. a4 b4 7. Nd5 a5 8. c3 e6 9. Nf4 Ne7 10. Bd3 O-O 11. O-O Bb7 12. cxb4 axb4 13. Qd2 Na6 14. Rfc1 Nc6 15. d5 exd5 16. Nxd5 Na5 17. Bxa6 Bxd5 18. Qxd5 Rxa6 19. Qb5 Ra8 20. Bg5 Qe8 21. Rxc7 Qxe4 22. Re1 Qf5 23. Qxf5 gxf5 24. Be7 Rfe8 25. Bxd6 b3 26. Rxe8+ Rxe8 27. Bb4 Ra8 28. Bxa5 Rxa5 29. Rc8+ Bf8 30. g3 Rxa4 31. Rb8 Rb4 32. Rxb4 Bxb4 33. Nd4 Bc3 34. Nxb3 Bxb2 35. Kg2 Kg7 36. Kf3 Kf6 37. Nc5 Bd4 38. Nd3 Bb6 39. h4 Ba7 40. Nf4 Bb8 41. Nd5+ Ke6 42. Nf4+ Kf6 43. Nd3 Ke6 44. Ke3 Ba7+ 45. Kf4 Kf6 46. Kf3 Bb8 47. Nf4 Ke5 48. Nh3 Kf6 49. Ng5 h6 50. Nh3 Ke6 51. Nf4+ Bxf4 52. Kxf4 Kf6 53. f3 Ke6 54. g4 fxg4 55. Kxg4 Kf6 56. Kh5 Kg7 57. Kg4 Kg6 58. h5+ Kf6 59. Kf4 Ke6 60. Ke4 f5+ 61. Kd4 f4 62. Ke4 Ke7 63. Ke5 Kf7 64. Kf5 Ke7 65. Kg6 Ke6 66. Kxh6 Kf6 67. Kh7 Kf7 68. h6 Kf8 69. Kg6 Kg8 70. Kg5 Kh7 71. Kxf4 Kxh6 72. Kf5 Kg7 1-0


[Site "https://www.chess.com"]

[Event "Titled Tuesday Blitz January 03 Late 2023"]
[White "Zierk, Steven"]
[Black "Kosteniuk, Alexandra"]
[WhiteFideId "2034255"]
[BlackFideId "4128125"]
[WhiteElo "2488"]
[BlackElo "2535"]
[Result "1-0"]
[Round "10"]
[TimeControl "180+2"]
[Date "2023.01.03"]
[WhiteClock "0:01:03"]
[BlackClock "0:00:05"]

1. e4 e5 2. Nf3 Nc6 3. Bc4 Bc5 4. c3 Nf6 5. d4 exd4 6. e5 d5 7. Bb5 Ne4 8. cxd4 Bb6 9. Nc3 O-O 10. Be3 Bg4 11. h3 Bd7 12. Bd3 Ba5 13. O-O Bxc3 14. bxc3 Ne7 15. Qc2 f5 16. exf6 Nxf6 17. Ne5 Be6 18. f4 Ne4 19. Bxe4 dxe4 20. Qxe4 Bd5 21. Qd3 Nf5 22. Bf2 Nd6 23. c4 Be4 24. Qe3 Bf5 25. g4 Bc8 26. f5 Qe8 27. Rae1 b6 28. c5 Nf7 29. Qf3 Ba6 30. Ng6 Ng5 31. Qb3+ Qf7 32. Nxf8 Qxb3 33. axb3 Nf3+ 34. Kg2 Nxe1+ 35. Rxe1 Kxf8 36. Bg3 bxc5 37. dxc5 Bb7+ 38. Kf2 Rc8 39. b4 a6 40. h4 Bc6 41. h5 Bd7 42. Be5 Kf7 43. Kf3 Re8 44. Kf4 Bb5 45. g5 c6 46. Rd1 Re7 47. Rd8 g6 48. fxg6+ hxg6 49. h6 1-0


[Site "https://www.chess.com"]

[Event "Titled Tuesday Blitz January 03 Late 2023"]
[White "Kravtsiv, Martyn"]
[Black "Sai Krishna G V"]
[WhiteFideId "14113147"]
[BlackFideId "5028280"]
[WhiteElo "2598"]
[BlackElo "2384"]
[Result "1-0"]
[Round "10"]
[TimeControl "180+2"]
[Date "2023.01.03"]
[WhiteClock "0:01:03"]
[BlackClock "0:00:22"]

1. e4 e5 2. Nf3 Nc6 3. Nc3 Nf6 4. a4 Bb4 5. Bd3 d6 6. O-O Bg4 7. h3 Bh5 8. Nd5 Nxd5 9. exd5 Ne7 10. c3 Bc5 11. b4 Nxd5 12. bxc5 Nf4 13. Bb1 Qf6 14. d4 Nxh3+ 15. Kh2 Nf4 16. cxd6 cxd6 17. Re1 O-O 18. Bxf4 Qxf4+ 19. Kg1 Rfe8 20. Qd3 e4 21. Rxe4 Qc1+ 22. Qf1 Qxc3 23. Ra2 Bxf3 24. gxf3 d5 25. Rxe8+ Rxe8 26. Re2 Rxe2 27. Qxe2 g6 28. Qe8+ Kg7 29. Qe5+ f6 30. Qe7+ Kh6 31. Qe3+ Qxe3 32. fxe3 Kg5 33. Ba2 1-0


[Site "https://www.chess.com"]

[Event "Titled Tuesday Blitz January 03 Late 2023"]
[White "Jaracz, Pawel"]
[Black "Boros, Denes"]
[WhiteFideId "1102222"]
[BlackFideId "722340"]
[WhiteElo "2467"]
[BlackElo "2406"]
[Result "1-0"]
[Round "10"]
[TimeControl "180+2"]
[Date "2023.01.03"]
[WhiteClock "0:00:10"]
[BlackClock "0:00:29"]

1. e4 g6 2. d4 d5 3. exd5 Qxd5 4. c4 Qd8 5. Nc3 Bg7 6. Be3 Nh6 7. Nf3 O-O 8. h3 Nf5 9. Qd2 c5 10. dxc5 Qa5 11. Nd5 Qxd2+ 12. Bxd2 Na6 13. g4 e6 14. gxf5 exd5 15. fxg6 Re8+ 16. Be2 hxg6 17. cxd5 Nxc5 18. Be3 Bxb2 19. Rd1 Ne4 20. Kf1 Bf5 21. Rb1 Ng3+ 22. Kg2 Bxb1 23. Rxb1 Nxe2 24. Rxb2 Nc3 25. d6 Nd1 26. Rxb7 Nxe3+ 27. fxe3 Rxe3 28. Ng5 Rf8 29. d7 Rd8 30. Rc7 f6 31. Rc8 Rd3 32. Rxd8+ Kg7 33. Ne4 Kf7 34. Nc5 Rd2+ 35. Kf3 g5 36. Rc8 g4+ 37. hxg4 Ke7 38. Re8+ Kf7 39. d8=Q Rxd8 40. Rxd8 Kg6 41. Rd7 f5 42. Rd5 Kg5 43. Kg3 Kh6 44. Kf4 Kg6 45. gxf5+ Kf6 46. Rd6+ Kf7 47. Ra6 Ke7 48. Ke5 Kd8 49. Rxa7 Kc8 50. Rh7 Kb8 51. f6 1-0


[Site "https://www.chess.com"]

[Event "Titled Tuesday Blitz January 03 Late 2023"]
[White "Chen, Justin"]
[Black "Nakamura, Hikaru"]
[WhiteFideId "2098199"]
[BlackFideId "2016192"]
[WhiteElo "2333"]
[BlackElo "2775"]
[Result "0-1"]
[Round "10"]
[TimeControl "180+2"]
[Date "2023.01.03"]
[WhiteClock "0:00:01"]
[BlackClock "0:01:22"]

1. d4 g6 2. c4 Bg7 3. Nc3 c5 4. d5 Bxc3+ 5. bxc3 f5 6. e4 fxe4 7. f3 Qa5 8. Qc2 Nf6 9. fxe4 d6 10. Nf3 Bg4 11. Ng5 h6 12. e5 Bf5 13. Bd3 hxg5 14. exf6 exf6 15. Bxf5 gxf5 16. Qe2+ Kd8 17. O-O Nd7 18. Rb1 Kc7 19. Rb5 Qa4 20. Rxf5 Rae8 21. Qf1 Re4 22. h3 Rhe8 23. Kh2 Re1 24. Qf3 Rxc1 25. Rxf6 Nxf6 26. Qxf6 Rce1 27. Qf7+ R1e7 28. Qf1 b6 29. Qd3 Qxa2 30. Rb1 Qe2 0-1


[Site "https://www.chess.com"]

[Event "Titled Tuesday Blitz January 03 Late 2023"]
[White "Nasuta, Grzegorz"]
[Black "Bortnyk, Olexandr"]
[WhiteFideId "1141686"]
[BlackFideId "14120828"]
[WhiteElo "2552"]
[BlackElo "2605"]
[Result "0-1"]
[Round "10"]
[TimeControl "180+2"]
[Date "2023.01.03"]
[WhiteClock "0:00:02"]
[BlackClock "0:00:06"]

1. e4 Nf6 2. e5 Nd5 3. d4 d6 4. c4 Nb6 5. exd6 exd6 6. Nc3 Be7 7. Be3 O-O 8. Bd3 Nc6 9. Nge2 Bg4 10. b3 Bf6 11. Qd2 Re8 12. O-O Bh5 13. Nf4 Bg6 14. Nxg6 hxg6 15. Ne2 d5 16. c5 Nd7 17. b4 a6 18. Rad1 Nf8 19. a4 Ne6 20. Bb1 a5 21. b5 Nb4 22. g3 c6 23. h4 Qd7 24. b6 Re7 25. Kg2 Rae8 26. Rh1 Qc8 27. Rh3 Nf8 28. Ng1 Qg4 29. Nf3 Qh5 30. Rdh1 Nd7 31. Nh2 Re6 32. g4 Qh8 33. Nf3 Bd8 34. h5 g5 35. Bf5 Nf6 36. Nxg5 R6e7 37. Bb1 Nxg4 38. Bh7+ Kf8 39. Bb1 Rxe3 40. fxe3 Bxg5 41. Rg3 Nxe3+ 42. Kf3 Qh6 0-1


[Site "https://www.chess.com"]

[Event "Titled Tuesday Blitz January 03 Late 2023"]
[White "Paravyan, David"]
[Black "Morefield, Jason"]
[WhiteFideId "4194985"]
[BlackFideId "30920825"]
[WhiteElo "2601"]
[BlackElo "2167"]
[Result "0-1"]
[Round "10"]
[TimeControl "180+2"]
[Date "2023.01.03"]
[WhiteClock "0:01:33"]
[BlackClock "0:00:08"]

1. e4 c5 2. Nf3 d6 3. d4 cxd4 4. Nxd4 Nf6 5. Nc3 Nc6 6. Bg5 e6 7. Qd2 a6 8. Nxc6 bxc6 9. O-O-O Be7 10. Bxf6 gxf6 11. Bc4 Bb7 12. Rhe1 d5 13. Bb3 O-O 14. Kb1 Kh8 15. Qh6 Rg8 16. Qh5 Rg6 17. f4 Qg8 18. g3 Bb4 19. Rd3 a5 20. a3 Bf8 21. Qe2 Ba6 22. f5 Rg5 23. fxe6 fxe6 24. exd5 Re5 25. Qd1 Rxe1 26. Qxe1 Bxd3 27. dxe6 Bg6 28. Na4 Be7 29. Ka2 Qd8 30. Qe3 Qd6 31. Nb6 Rd8 32. Nd7 Be8 33. Qb6 a4 34. Bc4 Bxd7 35. exd7 Qxd7 36. Qa6 c5 37. Qa5 Rb8 38. Qa6 Qb7 39. Qxb7 Rxb7 40. Bd5 Rb6 41. Bf7 Kg7 42. Be8 Ra6 43. Bb5 Ra5 44. Bc4 f5 45. Kb1 Kf6 46. c3 h6 47. Kc2 Ke5 48. Bd3 Bg5 49. Bc4 Be3 50. Bd3 Bg1 51. h3 h5 52. Be2 h4 53. gxh4 Kf4 54. h5 Kg3 55. Kd3 Ra8 56. Kc4 f4 57. Bd3 f3 58. Kb5 Kxh3 59. h6 Bf2 60. h7 Rh8 61. Kxa4 Kg2 62. Kb5 Be3 63. a4 f2 64. a5 f1=Q 65. Bxf1+ Kxf1 66. b4 cxb4 67. cxb4 Rxh7 68. Ka6 Ke2 69. b5 Kd3 70. b6 Bf4 71. Kb5 Bb8 72. a6 Kd4 73. Kc6 Rg7 74. b7 Ba7 75. Kd6 Kc4 76. Kc6 Kb4 77. b8=Q+ Bxb8 78. Kb6 Ba7+ 79. Kc6 Ka5 0-1


[Site "https://www.chess.com"]

[Event "Titled Tuesday Blitz January 03 Late 2023"]
[White "Tari, Aryan"]
[Black "Domingo Nunez, Alejandro"]
[WhiteFideId "1510045"]
[BlackFideId "22245561"]
[WhiteElo "2642"]
[BlackElo "2338"]
[Result "1-0"]
[Round "10"]
[TimeControl "180+2"]
[Date "2023.01.03"]
[WhiteClock "0:00:15"]
[BlackClock "0:00:09"]

1. e4 g6 2. h4 h5 3. d4 Bg7 4. Bg5 c6 5. Nc3 d5 6. e5 Nh6 7. Qd2 f6 8. exf6 exf6 9. Bf4 Nf7 10. Bd3 f5 11. Nf3 Nd7 12. O-O-O O-O 13. Rde1 Nf6 14. Ne5 Nxe5 15. Bxe5 Ne4 16. Qf4 Kh7 17. Bxg7 Kxg7 18. f3 Nf2 19. Rhf1 Nxd3+ 20. cxd3 Qf6 21. Re5 Be6 22. Qg5 f4 23. Rfe1 Qxg5 24. hxg5 Bf5 25. Kd2 Rf7 26. b4 a5 27. b5 a4 28. bxc6 bxc6 29. Rb1 Raa7 30. Rb6 Rfc7 31. Re1 Kf7 32. a3 Rc8 33. Rb4 c5 34. dxc5 Rxc5 35. Nb5 Ra6 36. Nd4 Bc8 37. Ne2 Ra7 38. Rxf4+ Kg7 39. Nd4 Rac7 40. Rf6 Rb7 41. Ne6+ Bxe6 42. Rexe6 Rb2+ 43. Ke3 Rxg2 44. Rxg6+ Kf7 45. Ref6+ Ke7 46. Rg7+ Ke8 47. Rh6 d4+ 48. Kxd4 Rf5 49. Ke4 Rf8 50. Ra6 Re2+ 51. Kd4 Rf4+ 52. Kc3 Kf8 53. Rh7 Rxf3 54. Ra8+ 1-0


[Site "https://www.chess.com"]

[Event "Titled Tuesday Blitz January 03 Late 2023"]
[White "Lazavik, Denis"]
[Black "Garcia Ramos, Daniel"]
[WhiteFideId "13515110"]
[BlackFideId "32010311"]
[WhiteElo "2544"]
[BlackElo "2442"]
[Result "0-1"]
[Round "10"]
[TimeControl "180+2"]
[Date "2023.01.03"]
[WhiteClock "0:00:09"]
[BlackClock "0:00:03"]

1. d4 Nf6 2. c4 e6 3. Nf3 d5 4. g3 Bb4+ 5. Bd2 Be7 6. Bg2 O-O 7. O-O c6 8. Qc2 Nbd7 9. Bf4 b6 10. cxd5 Nxd5 11. Qxc6 Ba6 12. Re1 Nxf4 13. gxf4 Rc8 14. Qa4 Bb7 15. Nc3 a6 16. e3 b5 17. Qb3 Nb6 18. Ne5 Bxg2 19. Kxg2 Nc4 20. Nxc4 Rxc4 21. Rac1 Qa8+ 22. Kg1 Rfc8 23. Ne2 Qf3 24. Rxc4 Rxc4 25. Ng3 h5 26. Qd1 Qxd1 27. Rxd1 Rc2 28. Rb1 h4 29. Ne4 f5 30. Nc3 b4 31. Na4 h3 32. Rf1 Kf7 33. f3 Bh4 34. e4 Rg2+ 35. Kh1 Bf2 36. d5 exd5 37. exd5 Ke7 38. a3 a5 39. axb4 axb4 40. b3 Kd6 41. Nb2 Kxd5 42. Nd3 Be3 43. Nxb4+ Kc5 44. Nd3+ Kd4 45. Rd1 Kc3 46. Ne5 Bxf4 47. Nd3 Rxh2+ 48. Kg1 Rg2+ 49. Kh1 Bg3 50. Nc5 g5 51. Rc1+ Kd2 52. Ra1 Ke3 53. b4 Kxf3 54. Rf1+ Kg4 55. Nd3 Rd2 56. Nc5 Bd6 57. Nd7 Kg3 58. Nf6 Bxb4 59. Nh5+ Kh4 60. Ng7 f4 61. Nf5+ Kh5 62. Ng7+ Kg6 63. Ne6 Bd6 64. Rg1 Rg2 65. Rd1 Be5 66. Re1 Kf5 67. Nc5 Rc2 68. Nd3 Bd6 69. Ra1 g4 70. Ne1 Re2 71. Ra5+ Ke6 72. Nd3 f3 73. Ra6 Rd2 74. Ne1 f2 0-1


[Site "https://www.chess.com"]

[Event "Titled Tuesday Blitz January 03 Late 2023"]
[White "Kamsky, Gata"]
[Black "Abrahamyan, Tatev"]
[WhiteFideId "2000024"]
[BlackFideId "13301918"]
[WhiteElo "2665"]
[BlackElo "2294"]
[Result "1-0"]
[Round "10"]
[TimeControl "180+2"]
[Date "2023.01.03"]
[WhiteClock "0:00:53"]
[BlackClock "0:00:28"]

1. e4 e6 2. Qe2 c5 3. Nf3 Nc6 4. g3 Nf6 5. Bg2 d5 6. d3 Be7 7. O-O b6 8. e5 Nd7 9. c4 dxc4 10. dxc4 Bb7 11. Nc3 O-O 12. Rd1 a6 13. Bf4 Qc7 14. Nd5 exd5 15. e6 Bd6 16. Bxd6 Qxd6 17. Rxd5 Nd4 18. Rxd6 Nxe2+ 19. Kf1 Nf6 20. Kxe2 fxe6 21. Rxb6 Rab8 22. Rxe6 Ng4 23. b3 Rbe8 24. Rxe8 Rxe8+ 25. Kf1 Rf8 26. h3 Ne3+ 27. fxe3 Bxf3 28. Kg1 1-0


[Site "https://www.chess.com"]

[Event "Titled Tuesday Blitz January 03 Late 2023"]
[White "Pichot, Alan"]
[Black "Goltsev, Dmitry"]
[WhiteFideId "110973"]
[BlackFideId "24176710"]
[WhiteElo "2638"]
[BlackElo "2269"]
[Result "1/2-1/2"]
[Round "10"]
[TimeControl "180+2"]
[Date "2023.01.03"]
[WhiteClock "0:00:38"]
[BlackClock "0:01:21"]

1. Nf3 d6 2. c4 g6 3. Nc3 Bg7 4. g3 e5 5. Bg2 Ne7 6. O-O O-O 7. d3 c6 8. Rb1 Nd7 9. b4 f5 10. Bd2 h6 11. b5 Nc5 12. Na4 Nxa4 13. Qxa4 c5 14. Ne1 g5 15. Bc3 Kh8 16. Nc2 d5 17. cxd5 Nxd5 18. Bb2 Be6 19. Na3 Qe7 20. Nc4 Nb6 21. Qc2 Nxc4 22. dxc4 e4 23. Rfd1 Rad8 24. e3 Rxd1+ 25. Rxd1 Rd8 26. Bxg7+ Kxg7 27. Qc3+ Kf7 28. Rxd8 Qxd8 29. Qe5 Qd1+ 30. Bf1 Bxc4 31. Qxf5+ Kg7 32. Qe5+ Kf7 33. Qf5+ Kg7 34. Qe5+ Kf7 35. Qf5+ 1/2-1/2


[Site "https://www.chess.com"]